 Dungeon Sprint DCSS version 0.30-a0-949-g53dc5368d7 (webtiles) character file.

Game seed: 3169511172391704760

151 retardedninja the Cleaver (level 5, -8/51 HPs)
             Began as a Hill Orc Fighter on Mar 27, 2023.
             Mangled by an ice beast (13 damage)
             ... in the Dungeon (Sprint IX: "|||||||||||||||||||||||||||||").
             The game lasted 00:00:28 (58 turns).

retardedninja the Cleaver (Hill Orc Fighter)          Turns: 58, Time: 00:00:28

Health: -8/51      AC:  7    Str: 21    XL:     5   Next: 33%
Magic:  5/5        EV:  9    Int:  8    God:
Gold:   0          SH:  5    Dex: 10    Spells: 4/4 levels left

rFire   . . .      SeeInvis .    a - +0 war axe
rCold   . . .      Faith    .    c - +0 buckler
rNeg    . . .      Spirit   .    b - +0 scale mail
rPois   .          Reflect  .    (no helmet)
rElec   .          Rampage  .    (no cloak)
rCorr   .          NoTele   +    (no gloves)
Will    .....                    (no boots) Stlth
                                 (no amulet)
HPRegen 0.28/turn                (no ring)
MPRegen 0.09/turn                (no ring)

@: mighty
A: no striking features
a: no special abilities


You were in the Dungeon.
You visited 1 branch

Inventory:

Hand Weapons
 a - a +0 war axe (weapon)
Armour
 b - a +0 scale mail (worn)
 c - a +0 buckler (worn)
Scrolls
 j - a scroll of blinking
Potions
 g - a potion of haste
 h - 2 potions of magic
 i - a potion of berserk rage


   Skills:
 + Level 6.5 Fighting
 * Level 8.9 Axes
 + Level 6.0 Armour
 + Level 6.0 Shields


You had 4 spell levels left.
You didn't know any spells.
Your spell library was empty.

Dungeon Overview and Level Annotations

Branches:
Dungeon (1/1)

Altars:


Message History

You closely miss the iguana. The iguana bites you.
Unknown command.
You slash the iguana!
The iguana is heavily wounded.
The iguana bites you!
* * * LOW HITPOINT WARNING * * *
Unknown command.
You slash the iguana!
You kill the iguana!
The adder bites you but does no damage.
Unknown command.
Unknown command.
You hit the adder.
The adder is heavily wounded.
The adder misses you.
Unknown command.
You slice the adder!!
You kill the adder!
Your Armour skill increases to level 6!
Your Shields skill increases to level 6!
You barely miss the ice beast. The ice beast closely misses you.
The ice beast hits you.
* * * LOW HITPOINT WARNING * * *
The ice beast freezes you.
* * * LOW HITPOINT WARNING * * *
Unknown command.
You slash the ice beast!
The ice beast is heavily wounded.
The ice beast barely misses you.
Unknown command.
You hit the ice beast but do no damage.
The ice beast is heavily wounded.
The ice beast closely misses you.
Unknown command.
You barely miss the ice beast.
The ice beast is heavily wounded.
The ice beast hits you.
* * * LOW HITPOINT WARNING * * *
The ice beast freezes you!
You die... ▓▓▓▓▓▓▓▓▓▓▓▓▓▓▓▓▓▓ ▓<...†....@Y.....+ ▓▓▓▓▓▓▓▓▓▓▓▓▓▓▓▓▓▓

You could see an ice beast.

Vanquished Creatures
  An ice beast (D)
  A sleepcap (D)
  An iguana (D)
  An adder (D)
  A giant cockroach (D)
  A hobgoblin (D)
  A ball python (D)
  2 rats (D)
9 creatures vanquished.

Notes
Turn   | Place    | Note
-------+----------+-------------------------------------------
     0 | D        | retardedninja the Hill Orc Fighter began the quest for the
                  | Orb.
     0 | D        | Reached XP level 1. HP: 19/19 MP: 1/1
     8 | D        | Reached skill level 3 in Axes
    28 | D        | Noticed an ice beast
    28 | D        | Noticed a sleepcap
    28 | D        | Noticed an iguana
    28 | D        | Noticed an ice beast
    43 | D        | Killed an ice beast
    44 | D        | Reached skill level 5 in Fighting
    44 | D        | Reached skill level 7 in Axes
    44 | D        | Reached skill level 5 in Armour
    44 | D        | Reached skill level 5 in Shields
    44 | D        | Reached XP level 2. HP: 20/30 MP: 2/2
    44 | D        | Reached XP level 3. HP: 25/37 MP: 3/3
    44 | D        | Reached XP level 4. HP: 29/44 MP: 4/4
    49 | D        | Reached skill level 8 in Axes
    49 | D        | Reached XP level 5. HP: 20/50 MP: 5/5
    58 | D        | Mangled by an ice beast

Illustrated notes

Levels and vault maps discovered:
D:        linesprint [early_d, line_temple, items_1, d_10, items_2, lair_1,
          lair_end, items_3, orc_1, orc_end, items_4, d_15, swamp_1, shoals_1,
          snake_1, spider_1, d_20, vaults_1, items_5, swamp_end, shoals_end,
          snake_end, spider_end, vaults_end, d_27, items_6, zot_1, zot_end,
          crypt_end, forest_end, elf_end, slime_end, tomb_end, abyss_end,
          pan_hell_end]

Skill      XL: |  1  2  3  4  5 |
---------------+----------------+-----
Axes           | 7 8 |  8.9
Fighting       | 5 6 |  6.5
Armour         | 5 6 |  6.0
Shields        | 5 6 |  6.0

Action                     |  1- 3 |  4- 6 || total
---------------------------+-------+-------++-------
  Melee: War axe           |    30 |    13 ||    43
    Use: Potion            |     3 |       ||     3
 Armour: Scale mail        |    15 |     1 ||    16
  Dodge: Dodged            |    17 |     5 ||    22
  Block: Buckler           |     4 |     1 ||     5

Table legend: (Time is in decaauts)
 A = Elapsed time spent in this place.
 B = Non-inter-level travel time spent in this place.
 C = Inter-level travel time spent in this place.
 D = Time resting spent in this place.
 E = Time spent auto-exploring this place.
 F = Levels seen in this place.
 G = Mean time per level.
                   A        B        C        D        E       F      G
               +--------+--------+--------+--------+--------+-----+--------+
         Total |     70 |     70 |      0 |      0 |      0 |   1 |   70.0 |
       Dungeon |     70 |     70 |      0 |      0 |      0 |   1 |   70.0 |
               +--------+--------+--------+--------+--------+-----+--------+

Top non-repeatable levels by time:
       D: 70 daAuts
